 Dungeon Crawl Stone Soup version 0.24.0-35-gdb84b6a5db (webtiles) character file.

Game seed: 9824852704865293475, levelgen mode: deterministic

559 FishyPogo the Changer (level 7, 0/50 HPs)
             Began as a Demonspawn Transmuter on Nov 17, 2019.
             Was an Initiate of Makhleb.
             Slain by a phantom (6 damage)
             ... on level 4 of the Dungeon.
             The game lasted 00:15:47 (3000 turns).

FishyPogo the Changer (Demonspawn Transmuter)       Turns: 3000, Time: 00:15:47

Health: 0/50       AC:  4    Str: 11    XL:     7   Next: 9%
Magic:  8/10       EV: 13    Int: 14    God:    Makhleb [......]
Gold:   138        SH:  0    Dex: 17    Spells: 6/10 levels left

rFire    . . .     SeeInvis .   u - +1 short sword (drain)
rCold    . . .     Gourm    .   (no shield)
rNeg     . . .     Faith    .   b - +1 robe
rPois    .         Spirit   .   (no helmet)
rElec    .         Reflect  .   (no cloak)
rCorr    .         Harm     .   (no gloves)
MR       .....                  p - +0 pair of boots
Stlth    ++........             (no amulet)
HPRegen  0.16/turn              (no ring)
MPRegen  0.12/turn              (no ring)

@: appendage
A: claws 1, horns 2, thin skeletal structure 1, spiny 2
a: End Transformation, Renounce Religion


You were on level 4 of the Dungeon.
You worshipped Makhleb.
Makhleb was noncommittal.
You were hungry.
You had grown temporary horns.
You visited 1 branch of the dungeon, and saw 4 of its levels.
You also visited: Sewer.

You collected 138 gold pieces.

Inventory:

Hand Weapons
 u - a +1 short sword of draining (weapon)
Missiles
 a - 25 arrows
 i - 3 boomerangs (quivered)
 j - 107 stones
 x - 30 poisoned darts
Armour
 b - a +1 robe (worn)
 p - a +0 pair of boots (worn)
 D - a +1 shield of resistance
Wands
 f - a wand of disintegration (10)
 C - a wand of paralysis (7)
Scrolls
 g - 6 scrolls of identify {unknown}
 k - a scroll of teleportation {unknown}
 l - 3 scrolls of remove curse {unknown}
 n - a scroll of blinking
 t - a scroll of amnesia {unknown}
 v - a scroll of fear {unknown}
 y - a scroll of enchant armour
 A - a scroll of enchant weapon {unknown}
Potions
 c - 2 potions of brilliance {unknown}
 e - a potion of curing {unknown}
 h - 4 potions of heal wounds {unknown}
 m - a potion of degeneration {unknown}
 o - 3 potions of agility {unknown}
 q - 3 potions of might {unknown}
 r - a potion of invisibility {unknown}
 s - 2 potions of flight {unknown}
 w - a potion of magic {unknown}
 z - a potion of haste
Comestibles
 d - 2 rations
 B - 3 chunks of flesh


   Skills:
 - Level 2.1 Fighting
 * Level 2.9 Dodging
 - Level 3.0 Unarmed Combat
 - Level 2.0 Spellcasting
 - Level 5.0 Transmutations
 - Level 3.0 Poison Magic
 * Level 2.8 Invocations


You had 6 spell levels left.
You knew the following spells:

 Your Spells              Type           Power        Failure   Level  Hunger
u - Spider Form           Tmut/Pois      ##........   14%         3    ####...
y - Beastly Appendage     Tmut           ###...       3%          1    ##.....

Your spell library contained the following spells:

 Spells                   Type           Power        Failure   Level  Hunger
 Sticks to Snakes         Tmut           ###.....     4%          2    ###....
 Ice Form                 Ice/Tmut       #.......     63%         4    #####..
 Blade Hands              Tmut           ###.......   63%         5    ######.


Dungeon Overview and Level Annotations

Branches:
Dungeon (4/15)              Sewer (visited)
 Temple: D:4-7

Altars:
Cheibriados
Dithmenos
Makhleb
Nemelex Xobeh
Yredelemnul


Innate Abilities, Weirdness & Mutations

You have sharp fingernails.
You have a somewhat thin skeletal structure. (Dex +2, Stealth)
You are mostly covered in sharp spines.
You have a pair of horns on your head.


Message History

The phantom is severely damaged.
The phantom hits you.
* * * LOW HITPOINT WARNING * * *
The phantom blinks!
You hit the phantom.
The phantom is severely damaged.
Your transformation has ended.
Your +1 short sword of draining unmelds from your body.
Your +0 pair of boots unmelds from your body.
Your +1 robe unmelds from your body.
You sense an unholy aura.
The phantom is struck by your spines.
The phantom hits you but does no damage.
Casting: Spider Form (safe; 14% risk of failure)
Confirm with . or Enter, or press ? or * to list all spells.
You grow a pair of large bovine horns.
The phantom hits you.
* * * LOW HITPOINT WARNING * * *
You hit the phantom.
The phantom is almost destroyed.
The phantom hits you.
You die...

#.# #.# ##### #.#
#...############.##
#...##.........÷...
#...#..#########.##
#.....## #.# #.W.###
#####.## #.@.#
#....... #...#
##§#..... #...#
##§§§#.#.# ###.#
###§#§#§#... #.#
#.§§§§.§§...
#####.####§#§#§#.##..
#..........##§§§###..
#.........####.#.....
#............§....##.


You could see a phantom.

Vanquished Creatures
  A water moccasin (D:4)
  A big kobold (Sewer)
  A quasit (D:4)
  A hound (D:3)
  An orc priest (D:3)
  A centaur skeleton (D:4)
  An iguana (D:4)
  An orc wizard (D:3)
  A worker ant (D:4)
  6 adders
  2 river rats (Sewer)
  6 oozes
  6 worms
  2 dart slugs
  A leopard gecko (D:1)
  6 orcs
  3 ball pythons
  4 giant cockroaches
  3 goblins
  7 hobgoblins
  3 jackals (D:2)
  A quokka (D:2)
  7 bats
  12 kobolds
  A quokka skeleton (D:4)
  6 rats
  A spectral orc (D:3)
86 creatures vanquished.

Notes
Turn   | Place    | Note
-------+----------+-------------------------------------------
     0 | D:1      | FishyPogo the Demonspawn Transmuter began the quest for the
                  | Orb.
     0 | D:1      | Reached XP level 1. HP: 15/15 MP: 3/3
    48 | D:1      | Reached skill level 2 in Transmutations
   196 | D:1      | Gained mutation: You have a somewhat thin skeletal
                  | structure. (Dex +2, Stealth) [demonic ancestry]
   196 | D:1      | Reached XP level 2. HP: 21/21 MP: 5/5
   902 | D:2      | Gained mutation: You are partially covered in sharp spines.
                  | [demonic ancestry]
   902 | D:2      | Reached XP level 3. HP: 16/26 MP: 4/6
   927 | D:2      | Learned a level 3 spell: Spider Form
  1024 | D:2      | Reached skill level 3 in Transmutations
  1322 | D:3      | Found a sparkling altar of Nemelex Xobeh.
  1328 | D:3      | Found a snail-covered altar of Cheibriados.
  1340 | D:3      | Reached skill level 1 in Poison Magic
  1340 | D:3      | Gained mutation: You are mostly covered in sharp spines.
                  | [demonic ancestry]
  1340 | D:3      | Reached XP level 4. HP: 27/32 MP: 7/7
  1660 | D:3      | Found a glowing drain.
  1671 | Sewer    | Entered a sewer
  1724 | Sewer    | Reached skill level 4 in Transmutations
  1888 | Sewer    | Gained mutation: You have sharp fingernails. [demonic
                  | ancestry]
  1888 | Sewer    | Reached XP level 5. HP: 37/37 MP: 8/8
  2408 | D:3      | Reached XP level 6. HP: 43/43 MP: 9/9
  2461 | D:3      | Found a burning altar of Makhleb.
  2467 | D:3      | Became a worshipper of Makhleb the Destroyer
  2547 | D:3      | Found a basalt altar of Yredelemnul.
  2702 | D:3      | Reached skill level 1 in Invocations
  2838 | D:4      | Found a shadowy altar of Dithmenos.
  2855 | D:4      | Reached skill level 5 in Transmutations
  2902 | D:4      | Noticed a water moccasin
  2909 | D:4      | Killed a water moccasin
  2909 | D:4      | Reached XP level 7. HP: 36/50 MP: 8/10
  3000 | D:4      | Slain by a phantom

Levels and vault maps discovered:
D:1:      minmay_arrival_four_houses, layout_basic, minivault_25
D:2:      layout_rooms
D:3:      layout_loops_ring, makhleb_heckhound_becter,
          nicolae_overflow_hidden_temple, yredelemnul_forgotten_temple_becter,
          portal_sewer_entry_d, kennysheep_slug_shrine
D:4:      layout_rooms, temple_statues, first_ration,
          grunt_dithmenos_smoke_and_mirrors

Skill      XL: |  1  2  3  4  5  6 |
---------------+-------------------+-----
Transmutations | 2 3 4 5 |  5.0
Dodging        | 2 |  2.9
Unarmed Combat | 3 |  3.0
Poison Magic   | 1 2 3 |  3.0
Invocations    | 2 |  2.8
Fighting       | 2 |  2.1
Spellcasting   | |  2.0

Action                   |  1- 3 |  4- 6 |  7- 9 || total
-------------------------+-------+-------+-------++-------
Melee: Unarmed           |    15 |    21 |    31 ||    67
       Short sword       |    79 |   120 |     3 ||   202
       Headbutt          |     6 |     8 |       ||    14
       Kick              |     7 |       |       ||     7
       Punch             |       |     2 |       ||     2
Throw: Boomerang         |       |     5 |       ||     5
 Cast: Beastly Appendage |    15 |     5 |     1 ||    21
       Spider Form       |     1 |     2 |     3 ||     6
  Use: Scroll            |     2 |     1 |       ||     3
 Stab: Sleeping          |     3 |     4 |       ||     7
  Eat: Chunk             |     2 |     6 |       ||     8
Armor: Robe              |     9 |    10 |     1 ||    20
       Skin              |       |     4 |     5 ||     9
Dodge: Dodged            |    49 |    68 |    33 ||   150
